 Dungeon Crawl Stone Soup version 0.17-a0-1421-g95311d7 (webtiles) character file.

83 vatarom the Sneak (level 4, -2/20 HPs)
             Began as a Felid Transmuter on June 24, 2015.
             Slain by an orc
             ... wielding a +0 hand axe
              (5 damage)
             ... on level 3 of the Dungeon.
             The game lasted 00:08:00 (2551 turns).

vatarom the Sneak (Felid Transmuter)                Turns: 2551, Time: 00:08:00

Health: -2/20      AC:  1    Str:  7    XL:     4   Next: 22%
Magic:  8/8        EV: 23    Int: 14    God:
Gold:   84         SH:  0    Dex: 16    Spells: 2 memorised, 3 levels left
                                        Lives:  0   Deaths: 1

rFire  . . .     SeeInvis +       - Unarmed
rCold  . . .     Clarity  +     (armour unavailable)
rNeg   . . .     SustAt   .     (shield unavailable)
rPois  .         Gourm    .     (helmet unavailable)
rElec  .         Spirit   .     (cloak unavailable)
rCorr  .         Warding  .     (gloves unavailable)
rMut   .         Stasis   .     (boots unavailable)
MR     +....                    h - amulet of clarity
Stlth  ++++......               f - ring of protection from magic
                                i - +5 ring of evasion

@: quick, somewhat resistant to hostile enchantments, stealthy
A: no armour, no weapons or thrown items, claws 1, fangs 3, see invisible, blink
1, carnivore 3, speed 1, mutation resistance 1, shaggy fur 1, slow metabolism 1,
sharp paws
a: Blink


You were on level 3 of the Dungeon.
You were not hungry.

You visited 1 branch of the dungeon, and saw 3 of its levels.

You collected 84 gold pieces.

Inventory:

Jewellery
 f - a ring of protection from magic (right paw)
 h - an amulet of clarity (around neck)
 i - a +5 ring of evasion (left paw)
Magical devices
 a - a wand of lightning (5)
Scrolls
 g - a scroll of remove curse
Potions
 e - a potion of agility
Books
 b - a book of Changes

   Spells                             Type                      Level
   a - Beastly Appendage              Transmutation                1
   b - Sticks to Snakes               Transmutation                2
   c - Spider Form                    Transmutation/Poison         3
   d - Ice Form                       Ice/Transmutation            4
   e - Blade Hands                    Transmutation                5
Comestibles
 c - a meat ration
 d - a royal jelly


   Skills:
 + Level 2.4 Fighting
 - Level 2.6 Dodging
 - Level 5.4 Stealth
 - Level 3.0 Unarmed Combat
 - Level 2.0 Spellcasting
 + Level 2.8 Transmutations


You had 3 spell levels left.
You knew the following spells:

 Your Spells              Type           Power        Failure   Level  Hunger
a - Beastly Appendage     Trmt           #.....       10%         1    ##.....
b - Spider Form           Trmt/Pois      #.........   47%         3    ####...


Dungeon Overview and Level Annotations

Branches:
Dungeon (3/15)

Altars:
Sif Muna

Annotations:
D:3 Grinder, Ijyb


Innate Abilities, Weirdness & Mutations

You cannot wear armour.
You are incapable of wielding weapons or throwing items.
You have sharp claws.
You have razor-sharp teeth.
You have supernaturally acute eyesight.
You are carnivorous and can eat meat at any time.
You cover ground quickly.
You are covered in fur (AC +1).
You have a slow metabolism.
Your sharp claws are effective at attacking unaware monsters.
You can translocate small distances at will.
You are somewhat resistant to further mutation.


Message History

The orc is almost dead.
The orc is no longer bleeding.
You scratch the orc but do no damage.
The orc is almost dead.
The orc completely misses you.
You barely miss the orc.
The orc is almost dead.
The orc hits you with a hand axe.
You scratch the orc but do no damage.
The orc is almost dead.
The orc hits you with a hand axe. x2
You are too injured to fight recklessly!
You are too injured to fight recklessly!
You are too injured to fight recklessly!
You barely miss the orc.
The orc is almost dead.
The orc hits you with a hand axe.
* * * LOW HITPOINT WARNING * * *
The orc hits you with a hand axe.
You die...

####... ####### #......
#.....# #...... #.....#
#...... #.....# #......
#.....##########......
#.....).....o.....†...
##....o########.###....
#.....@# ##..###)#..
#.....o..# #......o#..
#.######.# ##..##.....#
... #.###...†..###)# ##
#.##......## .o
#..........# ..
#.5........##...
.......†.......#
##.#.......###..


You could see 2 orcs.

Vanquished Creatures
  An orc wizard (D:3)
  3 adders (D:2)
  2 oozes
  4 worms
  3 giant geckos (D:2)
  3 ball pythons
  11 bats
  2 giant cockroaches (D:1)
  9 goblins
  4 hobgoblins
  6 jackals (D:2)
  2 quokkas
  8 giant newts
  4 kobolds
  7 rats
69 creatures vanquished.

Notes
Turn   | Place    | Note
--------------------------------------------------------------
     0 | D:1      | vatarom the Felid Transmuter began the quest for the Orb.
     0 | D:1      | Reached XP level 1. HP: 9/9 MP: 4/4
    82 | D:1      | Reached skill level 1 in Stealth
   527 | D:1      | Reached XP level 2. HP: 12/12 MP: 4/6
   967 | D:1      | Reached XP level 3. HP: 11/15 MP: 5/7
   978 | D:1      | Learned a level 3 spell: Spider Form
  1276 | D:2      | Reached skill level 4 in Stealth
  1676 | D:2      | Reached skill level 5 in Stealth
  1682 | D:2      | Reached XP level 4. HP: 11/19 MP: 8/8
  1952 | D:2      | Found a deep blue altar of Sif Muna.
  2011 | D:2      | Gained mutation: You are somewhat resistant to further mutation. [potion of mutation]
  2011 | D:2      | Gained mutation: You can translocate small distances at will. [potion of mutation]
  2405 | D:3      | Noticed Ijyb
  2470 | D:3      | Noticed Grinder
  2474 | D:3      | Killed from afar by Grinder
  2475 | D:3      | Reached XP level 3. HP: -3/16 MP: 7/7
  2518 | D:3      | Reached XP level 4. HP: 20/20 MP: 8/8
  2551 | D:3      | Slain by an orc

Vault maps used:
D:1:      sevenhm_arrival_forest_fort_small_3
D:2:      lemuel_round_altar
D:3:      okawaru_gym_becter, uniq_iyjb, uniq_grinder

Action                   |  1- 3 |  4- 6 || total
-------------------------+-------+-------++-------
Melee: Unarmed           |   145 |    65 ||   210
 Cast: Beastly Appendage |    13 |     2 ||    15
       Spider Form       |     1 |       ||     1
 Abil: End Transformatio |     1 |       ||     1
       Blink             |       |     2 ||     2
  Use: Potion            |     7 |     4 ||    11
       Scroll            |     2 |     4 ||     6
 Stab: Sleeping          |     5 |     8 ||    13
       Distracted        |       |     1 ||     1
  Eat: Chunk             |     8 |       ||     8
